Map: Acropolis LE

Players

MushyMigushy - Winner!

  • Race: Zerg Zerg
  • League: Platinum
  • Spawn Location: 11:00

pHARM

  • Race: Zerg Zerg
  • League: Platinum
  • Spawn Location: 5:00

VOD

Have the link to the VOD?

Description

Time

  • Played on: Aug. 24, 2019, 8:06 a.m.
  • Length: 5:06
Show
View Real Time Build Order
Export as new Build Order

MushyMigushy Zerg - Winner!

Build Orders: Pool First, Zergling Baneling 

Get SALT Encoding   

  12  0:01  Drone  
  13  0:13  Drone  
  14  0:18  Overlord  
  14  0:24  Extractor  
  14  0:26  Extractor  
  14  0:27  Drone  
  13  0:30  Drone  
  16  0:39  Drone  
  17  0:50  Spawning Pool  
  17  0:53  Drone  
  17  1:12  Hatchery  
  16  1:18  Overlord  
  16  1:22  Extractor  
  16  1:24  Drone  
  16  1:39  Queen  
  18  1:41  Zergling x4  
  18  1:42  Zergling x2  
  21  1:54  Drone  
  22  2:03  Drone  
  23  2:09  Baneling Nest  
  22  2:16  Drone  
  22  2:21  Queen  
  25  2:25  Queen  
  27  2:42  Drone x3  
  27  2:43  Drone  
  31  2:46  Metabolic Boost  
  31  2:57  Baneling  
  31  3:04  Baneling  
  31  3:07  Drone x5  
  36  3:19  Baneling  
  36  3:21  Baneling  
  36  3:27  Overlord  
  35  3:37  Zergling x2, Hatchery  
  35  3:48  Zergling x2  
  35  3:49  Zergling x10  
  41  3:55  Zergling x2  
  42  4:04  Baneling x2  
  42  4:08  Zergling x4  
  44  4:10  Overlord  
  44  4:24  Overlord  
  44  4:31  Baneling x2  
  44  4:33  Zergling x2  
  44  4:34  Zergling x12  
  47  4:47  Zergling x6  
Show
View Real Time Build Order
Export as new Build Order

pHARM Zerg 

Build Orders: Hatch First 

Get SALT Encoding   

  12  0:01  Drone  
  13  0:11  Drone  
  14  0:16  Overlord  
  14  0:20  Extractor  
  13  0:23  Drone  
  15  0:44  Drone x2  
  17  0:55  Hatchery  
  16  1:03  Drone x2  
  18  1:20  Spawning Pool  
  18  1:21  Drone  
  18  1:22  Drone  
  19  1:38  Drone  
  20  1:44  Extractor  
  19  1:53  Drone  
  20  2:07  Queen x2  
  24  2:09  Zergling x6  
  24  2:13  Zergling x2  
  28  2:18  Overlord  
  28  2:39  Drone x4  
  32  2:46  Lair  
  32  2:48  Queen  
  34  3:03  Drone  
  34  3:04  Drone  
  36  3:25  Overlord x2  
  33  3:34  Zergling x4  
  33  3:35  Zergling x2  
  35  3:51  Evolution Chamber  
  35  3:54  Roach Warren  
  33  3:56  Drone  
  33  3:57  Drone x12  
  46  4:13  Extractor  
  46  4:15  Extractor  
  46  4:16  Drone x2  
  46  4:38  Evolution Chamber, Hatchery  
  35  4:46  Drone x6  
  35  4:47  Drone x3  
Tags
 
Matchup
ZvZ
Race
Zerg
Replay Pack
10.7.19
Spawn Locations
Cross Positions
Add a new tag
Caveats
  • Supply blocks, unpowered buildings, or Contaminate may cause inaccurate times.
  • Supply counts are checked every 10 seconds.